 Dungeon Crawl Stone Soup version 0.16-a0-296-gbdb9f68 (webtiles) character file.

28 Ololoev the Insei (level 3, 0/23 HPs)
             Began as an Octopode Transmuter on Aug 29, 2014.
             Slain by Crazy Yiuf
             ... wielding a +3 quarterstaff of chaos
              (7 damage)
             ... on Level 2 of the Dungeon.
             The game lasted 00:03:22 (1214 turns).

Ololoev the Insei (Octopode Transmuter)             Turns: 1214, Time: 00:03:23

HP   0/23        AC  2     Str 12      XL: 3   Next: 12%
MP   0/6         EV 19     Int 16      God:
Gold 85          SH  0     Dex 17      Spells:  3 memorised,  1 level left

rFire  . . .     SeeInvis .       - Unarmed
rCold  . . .     Clarity  .     (shield currently unavailable)
rNeg   . . .     rCorr    .     (helmet currently unavailable)
rPois  x         rRot     .     (no amulet)
rElec  .         Spirit   .     f - ring of regeneration
SustAb .         Warding  .     l - +3 ring of strength
rMut   .         Stasis   .     (no ring)
Gourm  .                        (no ring)
MR     .....                    (no ring)
                                (no ring)
                                (no ring)
                                (no ring)

@: spider-form, not resistant to hostile enchantments, unstealthy
A: almost no armour, amphibious, 8 rings, (constrict 8), (camouflage 0),
(gelatinous body 0)
a: End Transformation


You were on level 2 of the Dungeon.
You were not hungry.
You were in spider-form.
You visited 1 branch of the dungeon, and saw 2 of its levels.

You collected 85 gold pieces.

Inventory:

Missiles
 b - 25 arrows
Comestibles
 a - 2 bread rations
Scrolls
 g - 3 scrolls of enchant weapon {unknown}
 h - a scroll of identify {unknown}
 i - a scroll of amnesia {unknown}
 j - a scroll of remove curse {unknown}
Jewellery
 f - a ring of regeneration (left front leg)
 l - a +3 ring of strength (right front leg)
Potions
 e - a potion of heal wounds {unknown}
 k - 2 potions of invisibility {unknown}
 m - a potion of haste {unknown}
 n - a potion of curing {unknown}
 o - a potion of degeneration {unknown}
Books
 d - a book of Changes

   Spells                             Type                      Level
   *Beastly Appendage                 Transmutation                1
   *Sticks to Snakes                  Transmutation                2
   *Spider Form                       Transmutation/Poison         3
   Ice Form                           Ice/Transmutation            4
   Blade Hands                        Transmutation                5


   Skills:
 - Level 1.0 Fighting
 - Level 2.0 Dodging
 - Level 3.0 Unarmed Combat
 + Level 2.5 Spellcasting
 * Level 3.0 Transmutations


You had one spell level left.
You knew the following spells:

 Your Spells              Type           Power        Failure   Level  Hunger
a - Beastly Appendage     Trmt           ##....       21%         1    #......
b - Sticks to Snakes      Trmt           ##........   24%         2    ##.....
c - Spider Form           Trmt/Pois      #.........   56%         3    ###....


Dungeon Overview and Level Annotations

Branches:
Dungeon (2/15)

Altars:

Annotations:
D:2 Crazy Yiuf


Innate Abilities, Weirdness & Mutations

You cannot wear most types of armour.
You are amphibious.
You can wear up to eight rings at the same time.
((You can use your tentacles to constrict many enemies at once.))
((Your skin changes colour to match your surroundings (Stealth).))
((Your rubbery body absorbs attacks (AC +1).))


Message History

w - Wait here. f - Follow me.
Anything else - Stay silent.
You shout for attention!
You swap places.
You swap places.
Your ball python withers and dies!
Casting: Sticks to Snakes
Confirm with . or Enter, or press ? or * to list all spells.
You turn into a venomous arachnid creature.
Crazy Yiuf hits you with a quarterstaff of chaos!
Ouch! That really hurt!
* * * LOW HITPOINT WARNING * * *
Your ball python closely misses Crazy Yiuf.
Your ball python barely misses Crazy Yiuf.
You closely miss Crazy Yiuf.
Your ball python withers and dies!
You barely miss Crazy Yiuf.
Crazy Yiuf twirls on the spot.
Crazy Yiuf hits you with a quarterstaff of chaos!
You die...

#..#.###..## #..#.#
#..# #..#.###..##
##### #...........
##...###.##........
##.....(..##.#######
#....####.##........
#....# #.##..######
♣..s.♣ #.##........
♣..g♣♣ #.##...####.
♣♣.♣♣ #.##........
♣.♣♣ ####....##..
♣♣.♣ #........ ♣.♣
#...####. ♣♣.
#........ .#
#..###### g. .).. .


You could see Crazy Yiuf.

Vanquished Creatures
  Ijyb (D:2)
  2 bats
  2 goblins
  2 kobolds (D:1)
  A giant newt (D:2)
  4 rats
12 creatures vanquished.

Notes
Turn   | Place    | Note
--------------------------------------------------------------
     0 | D:1      | Ololoev, the Octopode Transmuter, began the quest for the Orb.
     0 | D:1      | Reached XP level 1. HP: 13/13 MP: 3/3
   877 | D:2      | Noticed Ijyb
   889 | D:2      | Killed Ijyb
   889 | D:2      | Reached XP level 2. HP: 12/18 MP: 1/5
   889 | D:2      | Reached XP level 3. HP: 15/23 MP: 1/6
  1103 | D:2      | Noticed Crazy Yiuf
  1109 | D:2      | Learned a level 2 spell: Sticks to Snakes
  1113 | D:2      | Learned a level 3 spell: Spider Form
  1214 | D:2      | Slain by Crazy Yiuf

Action                   || total
-------------------------++-------
Melee: Unarmed           ||    32
 Cast: Beastly Appendage ||     5
       Sticks to Snakes  ||     3
       Spider Form       ||     2
  Eat: Royal jelly       ||     1
